TOP OF THE 1ST |
Minnesota Twins batting - Pitching for Oakland Athletics : RHP Doug Bird
|
Pitching: RHP Doug Bird
|
|
Batting: RHB Lee Lacy
|
0-0: Foul Ball, location: 2F 0-1: Called Strike 0-2: Ball 1-2: Strikes out swinging
|
Batting: RHB Steve Brye
|
0-0: Ground out 6-3 (Groundball, 6, EV 88.1 MPH)
|
Batting: RHB Matt Cooper
|
0-0: Ball 1-0: Ball 2-0: Hit by Pitch
|
Batting: LHB Lloyd Moseby
|
0-0: Ground out U3 (Groundball, 3, EV 86.3 MPH)
|
Top of the 1st over - 0 runs, 0 hits, 0 errors, 1 left on base; Minnesota 0 - Oakland 0 |
BOTTOM OF THE 1ST |
Oakland Athletics batting - Pitching for Minnesota Twins : LHP Mauricio Valdivia
|
Pitching: LHP Mauricio Valdivia
|
|
Batting: RHB Willie Randolph
|
0-0: Called Strike 0-1: Swinging Strike 0-2: Ball 1-2: Foul Ball, location: 2F 1-2: SINGLE (Line Drive, 89S, EV 93.8 MPH)
|
Batting: LHB Ruppert Jones
|
0-0: Ball Willie Randolph steals 2nd base 1-0: Bunted foul 1-1: Sac Bunt to 13S - play at first, batter OUT! 1-4 Willie Randolph to third
|
Batting: LHB Ben Oglivie
|
0-0: Called Strike 0-1: SINGLE (Line Drive, 8RS, EV 103.8 MPH) Willie Randolph scores
|
Batting: RHB George Hendrick
|
0-0: Fly out, F9 (Flyball, 89S, EV 71.3 MPH)
|
Batting: RHB Toby Harrah
|
0-0: Called Strike 0-1: Ball 1-1: Ball 2-1: Foul Ball, location: 2F 2-2: Foul Ball, location: 2F 2-2: Fly out, F3 (Line Drive, 3, EV 66.9 MPH)
|
Bottom of the 1st over - 1 run, 2 hits, 0 errors, 1 left on base; Minnesota 0 - Oakland 1 |
TOP OF THE 2ND |
Minnesota Twins batting - Pitching for Oakland Athletics : RHP Doug Bird
|
Batting: RHB Chet Lemon
|
0-0: Ground out 6-3 (Groundball, 6, EV 84.4 MPH)
|
Batting: RHB George Foster
|
0-0: Ball 1-0: Called Strike 1-1: Called Strike 1-2: Ball 2-2: Foul Ball, location: 2F 2-2: Ball 3-2: Base on Balls
|
Batting: RHB Brook Jacoby
|
0-0: Ball 1-0: Ball 2-0: Called Strike 2-1: Called Strike 2-2: Ball 3-2: Fly out, F8 (Flyball, 8LD, EV 98.1 MPH)
|
Batting: LHB Eloy Escobedo
|
0-0: Ball 1-0: Ball 2-0: Foul Ball, location: 2F 2-1: Ball 3-1: Called Strike 3-2: Ground out 4-3 (Groundball, 4S, EV 68.8 MPH)
|
Top of the 2nd over - 0 runs, 0 hits, 0 errors, 1 left on base; Minnesota 0 - Oakland 1 |
BOTTOM OF THE 2ND |
Oakland Athletics batting - Pitching for Minnesota Twins : LHP Mauricio Valdivia
|
Batting: LHB Reggie Jackson
|
0-0: Ground out 3-1 (Groundball, 34, EV 90.6 MPH)
|
Batting: RHB Willie Darkis
|
0-0: Ball 1-0: Called Strike 1-1: Ball 2-1: Ball 3-1: Called Strike 3-2: Strikes out swinging
|
Batting: RHB Barry Foote
|
0-0: Ground out 6-3 (Groundball, 6, EV 81.3 MPH)
|
Bottom of the 2nd over - 0 runs, 0 hits, 0 errors, 0 left on base; Minnesota 0 - Oakland 1 |
TOP OF THE 3RD |
Minnesota Twins batting - Pitching for Oakland Athletics : RHP Doug Bird
|
Batting: LHB Ken Oberkfell
|
0-0: Ball 1-0: Ball 2-0: Called Strike 2-1: Foul Ball, location: 2F 2-2: Fly out, F8 (Flyball, 8LM, EV 88.1 MPH)
|
Batting: RHB Lee Lacy
|
0-0: Called Strike 0-1: SINGLE (Groundball, 34D, EV 94.4 MPH)
|
Batting: RHB Steve Brye
|
0-0: Ball 1-0: Called Strike 1-1: Fielders Choice at 2nd, 5-4 (Groundball, 56, EV 86.9 MPH)
|
Batting: RHB Matt Cooper
|
0-0: Called Strike 0-1: Ball 1-1: Called Strike 1-2: SINGLE (Groundball, 6MD, EV 98.1 MPH) Steve Brye to second Runner from 2nd tries for 3rd, SAFE, throw by CF made to third
|
Batting: LHB Lloyd Moseby
|
0-0: Called Strike 0-1: Foul Ball, location: 2F 0-2: Foul Ball, location: 2F 0-2: Ball 1-2: Ball 2-2: SINGLE (Flyball, 56D, EV 88.8 MPH) Steve Brye scores Matt Cooper to second
|
Batting: RHB Chet Lemon
|
0-0: Ball 1-0: Ball 2-0: Fielders Choice at 2nd, 6-4 (Groundball, 6, EV 110.0 MPH)
|
Top of the 3rd over - 1 run, 3 hits, 0 errors, 2 left on base; Minnesota 1 - Oakland 1 |
BOTTOM OF THE 3RD |
Oakland Athletics batting - Pitching for Minnesota Twins : LHP Mauricio Valdivia
|
Batting: RHB Fred Andrews
|
0-0: Ground out 5-3 (Groundball, 56, EV 87.5 MPH)
|
Batting: RHB Willie Randolph
|
0-0: Ball 1-0: Ball 2-0: Ground out 4-3 (Groundball, 4D, EV 95.6 MPH)
|
Batting: LHB Ruppert Jones
|
0-0: Called Strike 0-1: Ball 1-1: Ball 2-1: Called Strike 2-2: Foul Ball, location: 2F 2-2: Foul Ball, location: 2F 2-2: Foul Ball, location: 2F 2-2: Foul Ball, location: 2F 2-2: Foul Ball, location: 2F 2-2: Foul Ball, location: 2F 2-2: Ground out 5-3 (Groundball, 56, EV 102.5 MPH)
|
Bottom of the 3rd over - 0 runs, 0 hits, 0 errors, 0 left on base; Minnesota 1 - Oakland 1 |
TOP OF THE 4TH |
Minnesota Twins batting - Pitching for Oakland Athletics : RHP Doug Bird
|
Batting: RHB George Foster
|
0-0: Ground out 6-3 (Groundball, 6, EV 101.9 MPH)
|
Batting: RHB Brook Jacoby
|
0-0: Foul Ball, location: 2F 0-1: Fly out, F9 (Line Drive, 9D, EV 104.4 MPH)
|
Batting: LHB Eloy Escobedo
|
0-0: Foul Ball, location: 2F 0-1: SINGLE (Groundball, 25, EV 65.0 MPH) (infield hit)
|
Batting: LHB Ken Oberkfell
|
0-0: Ball 1-0: SINGLE (Groundball, 3D, EV 98.1 MPH) Eloy Escobedo to second Runner from 2nd tries for 3rd, SAFE, throw by RF made to third Ken Oberkfell to second
|
Batting: RHB Lee Lacy
|
0-0: Ball 1-0: Ball Wild Pitch! Eloy Escobedo scores Ken Oberkfell to third 2-0: Ball 3-0: Called Strike 3-1: Fly out, F8 (Flyball, 8LM, EV 83.8 MPH)
|
Top of the 4th over - 1 run, 2 hits, 0 errors, 1 left on base; Minnesota 2 - Oakland 1 |
BOTTOM OF THE 4TH |
Oakland Athletics batting - Pitching for Minnesota Twins : LHP Mauricio Valdivia
|
Batting: LHB Ben Oglivie
|
0-0: Swinging Strike 0-1: Ball 1-1: Swinging Strike 1-2: Ground out 5-3 (Groundball, 56S, EV 83.8 MPH)
|
Batting: RHB George Hendrick
|
0-0: Ball 1-0: Called Strike 1-1: Ball 2-1: Fly out, F8 (Flyball, 8RXD, EV 81.9 MPH)
|
Batting: RHB Toby Harrah
|
0-0: Fly out, F7 (Flyball, 78S, EV 95.0 MPH)
|
Bottom of the 4th over - 0 runs, 0 hits, 0 errors, 0 left on base; Minnesota 2 - Oakland 1 |
TOP OF THE 5TH |
Minnesota Twins batting - Pitching for Oakland Athletics : RHP Doug Bird
|
Batting: RHB Steve Brye
|
0-0: Called Strike 0-1: Foul Ball, location: 2F 0-2: Fly out, F7 (Flyball, 7, EV 89.4 MPH)
|
Batting: RHB Matt Cooper
|
0-0: Ball 1-0: Foul Ball, location: 2F 1-1: Foul Ball, location: 2F 1-2: Ball 2-2: SINGLE (Groundball, 34D, EV 96.9 MPH)
|
Batting: LHB Lloyd Moseby
|
0-0: Hit by Pitch Matt Cooper to second
|
Batting: RHB Chet Lemon
|
0-0: Ball 1-0: Ball 2-0: Ball 3-0: Called Strike 3-1: Fly out, F9 (Flyball, 89S, EV 95.6 MPH)
|
Batting: RHB George Foster
|
0-0: Called Strike 0-1: Ball 1-1: Swinging Strike 1-2: Fly out, F9 (Flyball, 89M, EV 86.3 MPH)
|
Top of the 5th over - 0 runs, 1 hit, 0 errors, 2 left on base; Minnesota 2 - Oakland 1 |
BOTTOM OF THE 5TH |
Oakland Athletics batting - Pitching for Minnesota Twins : LHP Mauricio Valdivia
|
Batting: LHB Reggie Jackson
|
0-0: Swinging Strike 0-1: Ball 1-1: Ball 2-1: Foul Ball, location: 2F 2-2: Foul Ball, location: 2F 2-2: Strikes out swinging
|
Batting: RHB Willie Darkis
|
0-0: Ball 1-0: Ball 2-0: Ball 3-0: Base on Balls
|
Batting: RHB Barry Foote
|
0-0: Ball 1-0: Ball 2-0: Called Strike 2-1: Ball 3-1: Base on Balls Willie Darkis to second
|
Batting: RHB Fred Andrews
|
0-0: Ground out 5-3 (Groundball, 56S, EV 84.4 MPH) Willie Darkis to third Barry Foote to second
|
Batting: RHB Willie Randolph
|
0-0: Ball 1-0: Ground out U3 (Groundball, 34, EV 100.6 MPH)
|
Bottom of the 5th over - 0 runs, 0 hits, 0 errors, 2 left on base; Minnesota 2 - Oakland 1 |
TOP OF THE 6TH |
Minnesota Twins batting - Pitching for Oakland Athletics : RHP Doug Bird
|
Batting: RHB Brook Jacoby
|
0-0: Called Strike 0-1: Ball 1-1: Called Strike 1-2: Ball 2-2: Ball 3-2: Foul Ball, location: 2F 3-2: Fly out, F9 (Line Drive, 9D, EV 93.1 MPH)
|
Batting: LHB Eloy Escobedo
|
0-0: Called Strike 0-1: Ball 1-1: Ball 2-1: SINGLE (Line Drive, 56D, EV 101.9 MPH)
|
Batting: LHB Ken Oberkfell
|
0-0: Ball 1-0: Grounds into double play, 5-4-3 (Groundball, 5, EV 85.0 MPH)
|
Top of the 6th over - 0 runs, 1 hit, 0 errors, 0 left on base; Minnesota 2 - Oakland 1 |
BOTTOM OF THE 6TH |
Oakland Athletics batting - Pitching for Minnesota Twins : LHP Mauricio Valdivia
|
Batting: LHB Ruppert Jones
|
0-0: Ball 1-0: SINGLE (Groundball, 4S, EV 64.4 MPH) (infield hit)
|
Batting: LHB Ben Oglivie
|
0-0: Called Strike 0-1: Ball 1-1: Ball 2-1: Foul Ball, location: 2F 2-2: Ball 3-2: Foul Ball, location: 2F 3-2: Fly out, F8 (Flyball, 8RXD, EV 105.0 MPH)
|
Batting: RHB George Hendrick
|
0-0: Called Strike 0-1: Ground out 6-3 (Groundball, 6MS, EV 66.3 MPH) Ruppert Jones to second
|
Batting: RHB Toby Harrah
|
0-0: Foul Ball, location: 2F 0-1: Ground out 5-3 (Groundball, 56, EV 88.1 MPH)
|
Bottom of the 6th over - 0 runs, 1 hit, 0 errors, 1 left on base; Minnesota 2 - Oakland 1 |
TOP OF THE 7TH |
Minnesota Twins batting - Pitching for Oakland Athletics : RHP Doug Bird
|
Batting: RHB Lee Lacy
|
0-0: Called Strike 0-1: Ball 1-1: Called Strike 1-2: Foul Ball, location: 2F 1-2: Strikes out swinging
|
Batting: RHB Steve Brye
|
0-0: Ground out 5-3 (Groundball, 56, EV 81.9 MPH)
|
Batting: RHB Matt Cooper
|
0-0: Ball 1-0: Called Strike 1-1: Ground out 5-3 (Groundball, 56, EV 78.8 MPH)
|
Top of the 7th over - 0 runs, 0 hits, 0 errors, 0 left on base; Minnesota 2 - Oakland 1 |
BOTTOM OF THE 7TH |
Oakland Athletics batting - Pitching for Minnesota Twins : LHP Mauricio Valdivia
|
Batting: LHB Reggie Jackson
|
0-0: Foul Ball, location: 2F 0-1: Fly out, F9 (Flyball, 9, EV 88.1 MPH)
|
Batting: RHB Willie Darkis
|
0-0: Called Strike 0-1: Ball 1-1: Called Strike 1-2: Ground out 6-3 (Groundball, 56, EV 90.0 MPH)
|
Batting: RHB Barry Foote
|
0-0: Called Strike 0-1: Ball 1-1: Ball 2-1: Fly out, F9 (Line Drive, 9, EV 93.8 MPH)
|
Bottom of the 7th over - 0 runs, 0 hits, 0 errors, 0 left on base; Minnesota 2 - Oakland 1 |
TOP OF THE 8TH |
Minnesota Twins batting - Pitching for Oakland Athletics : RHP Doug Bird
|
Batting: LHB Lloyd Moseby
|
0-0: Fly out, F7 (Flyball, 7, EV 90.6 MPH)
|
Batting: RHB Chet Lemon
|
0-0: Ground out 6-3 (Groundball, 6, EV 78.1 MPH)
|
Batting: RHB George Foster
|
0-0: Called Strike 0-1: SOLO HOME RUN (Flyball, 78XD, EV 103.1 MPH), Distance : 436 ft
|
Batting: RHB Brook Jacoby
|
0-0: Called Strike 0-1: Ball 1-1: Ground out 4-3 (Groundball, 4M, EV 90.0 MPH)
|
Top of the 8th over - 1 run, 1 hit, 0 errors, 0 left on base; Minnesota 3 - Oakland 1 |
BOTTOM OF THE 8TH |
Oakland Athletics batting - Pitching for Minnesota Twins : LHP Mauricio Valdivia
|
Now at C: Tom Brown
|
|
Now at 2B: Taylor Duncan
|
|
Batting: RHB Fred Andrews
|
0-0: Ball 1-0: Ball 2-0: Called Strike 2-1: Called Strike 2-2: Strikes out swinging
|
Batting: RHB Willie Randolph
|
0-0: Ball 1-0: Called Strike 1-1: Ground out 5-3 (Groundball, 56S, EV 91.3 MPH)
|
Batting: LHB Ruppert Jones
|
0-0: Called Strike 0-1: Swinging Strike 0-2: Strikes out looking
|
Bottom of the 8th over - 0 runs, 0 hits, 0 errors, 0 left on base; Minnesota 3 - Oakland 1 |
TOP OF THE 9TH |
Minnesota Twins batting - Pitching for Oakland Athletics : RHP Doug Bird
|
Batting: LHB Eloy Escobedo
|
0-0: Ground out U3 (Groundball, 3, EV 94.4 MPH)
|
Batting: LHB Ken Oberkfell
|
0-0: Ball 1-0: Foul Ball, location: 2F 1-1: Fly out, F8 (Flyball, 8LXD, EV 98.8 MPH)
|
Batting: RHB Lee Lacy
|
0-0: Ball 1-0: Fly out, F9 (Line Drive, 9, EV 98.8 MPH)
|
Top of the 9th over - 0 runs, 0 hits, 0 errors, 0 left on base; Minnesota 3 - Oakland 1 |
BOTTOM OF THE 9TH |
Oakland Athletics batting - Pitching for Minnesota Twins : LHP Mauricio Valdivia
|
Pitching: RHP Stephen Fuller
|
|
Batting: LHB Ben Oglivie
|
0-0: Ball 1-0: Called Strike 1-1: Ball 2-1: Ball 3-1: Fly out, F7 (Flyball, 7D, EV 101.9 MPH)
|
Batting: RHB George Hendrick
|
0-0: Ball 1-0: Foul Ball, location: 2F 1-1: SINGLE (Line Drive, 6D, EV 100.6 MPH)
|
Batting: RHB Toby Harrah
|
0-0: Foul Ball, location: 2F 0-1: Ball 1-1: Ground out 5-3 (Groundball, 56S, EV 66.3 MPH) George Hendrick to second
|
Batting: LHB Reggie Jackson
|
0-0: Ball 1-0: Called Strike 1-1: Ball 2-1: Swinging Strike 2-2: Strikes out swinging
|
Bottom of the 9th over - 0 runs, 1 hit, 0 errors, 1 left on base; Minnesota 3 - Oakland 1 |
|